 Dungeon Crawl Stone Soup version 0.31-a0-217-g58bb5d79cf (webtiles) character file.

Game seed: 9347794892850304300

7982 qw the Skirmisher (level 11, -6/99 HPs)
             Began as a Minotaur Hexslinger on July 2, 2023.
             Was a Priest of Okawaru.
             Mangled by Erolcha
             ... wielding a +5 giant club
              (25 damage)
             ... on level 9 of the Dungeon.
             The game lasted 00:04:17 (9103 turns).

qw the Skirmisher (Minotaur Hexslinger)             Turns: 9103, Time: 00:04:17

Health: -6/99      AC: 18    Str: 13    XL:     11   Next: 3%
Magic:  13/13      EV: 16    Int: 10    God:    Okawaru [***...]
Gold:   328        SH:  0    Dex: 17    Spells: 11/12 levels left

rFire   . . .        g - +0 orcbow
rCold   . . .        (shield currently unavailable)
rNeg    . . .        m - +0 ring mail
rPois   .            (helmet restricted)
rElec   .            d - +1 cloak
rCorr   .            e - +0 pair of gloves
SInv    .            (no boots)
Will    .....        (no amulet)
Stlth   ++           a - +4 ring of protection
HPRegen 0.36/turn    l - +4 ring of protection
MPRegen 0.13/turn

%: no passive effects
@: about to teleport, heroic, frozen, very slow
A: horns 2, retaliatory headbutt
a: Renounce Religion, Heroism


You were on level 9 of the Dungeon.
You worshipped Okawaru.
Okawaru was most pleased with you.
You visited 2 branches of the dungeon, and saw 10 of its levels.
You also visited: Sewer and Ossuary.

You collected 724 gold pieces.
You spent 396 gold pieces at shops.


Innate Abilities, Weirdness & Mutations

You have a pair of horns on your head.
You reflexively headbutt those who attack you in melee.


   Skills:
 - Level 10.1(15.1) Fighting
 - Level 14.0(19.0) Ranged Weapons
 - Level 4.3(9.3) Armour
 + Level 5.8(10.8) Dodging
 - Level 1.0 Spellcasting
 - Level 2.0 Hexes
 - Level 4.0 Invocations


You had 11 spell levels left.
You knew the following spells:

 Your Spells              Type           Power      Damage    Failure   Level
a - Slow                  Hex            16%        N/A       28%         1

Your spell library contained the following spells:

 Spells                   Type           Power      Damage    Failure   Level
 Inner Flame              Hex/Fire       2%         N/A       77%         3
 Portal Projectile        Hex/Tloc       4%         N/A       77%         3
 Cause Fear               Hex            2%         N/A       95%         4

Inventory:

Hand Weapons
 g - a +0 orcbow (weapon)
Armour
 d - a +1 cloak (worn)
 e - a +0 pair of gloves (worn)
 m - a +0 ring mail (worn)
Jewellery
 a - a +4 ring of protection (left hand)
 b - a ring of fire
 l - a +4 ring of protection (right hand)
 n - an amulet of reflection
Scrolls
 c - 4 scrolls of identify
 p - 2 scrolls of teleportation
Potions
 f - a potion of haste
 h - a potion of cancellation
 i - 3 potions of might
 j - 4 potions of curing
 k - a potion of magic

Dungeon Overview and Level Annotations

Branches:
Dungeon (9/15)             Temple (1/1) D:5           Sewer (visited)
Ossuary (visited)
   Lair: D:8-11         Orc: D:9-12

Altars:
Ashenzari
Cheibriados
Dithmenos
Elyvilon
Fedhas
Gozag
Hepliaklqana
Makhleb
Nemelex Xobeh
Okawaru
Qazlal
Ru
Sif Muna
Uskayaw
Vehumet
Xom
Yredelemnul
Zin
The Shining One

Shops:
D:1 :   D:2 :   D:5 =   D:8 :

Annotations:
D:3 1 runed translucent door, Crazy Yiuf
D:8 2 runed translucent doors, qw's ghost, novice DEHu
D:9 Erolcha


Message History

You hear some strange, mumbled words.
You shoot an arrow. The arrow barely misses the rime drake.
The rime drake closely misses you.
You shoot an arrow. The arrow hits the rime drake!!
The rime drake is heavily wounded.
The rime drake barely misses you.
You hear some strange, mumbled words.
Something tries to affect you, but you resist.
You shoot an arrow. The arrow hits the rime drake.
The rime drake is heavily wounded.
The rime drake closely misses you. You furiously retaliate!
You headbutt the rime drake. You shoot an arrow.
The arrow misses the rime drake.
The ice beast hits you but does no damage.
The rime drake breathes ice at you. The icy flash freeze hits you!!
You are encased in ice.
9100 ||| READING 3 scrolls of teleportation.
As you read the scroll of teleportation, it crumbles to dust.
You feel strangely unstable. Something hits you but does no damage.
The rime drake closely misses you. You furiously retaliate!
You headbutt the rime drake!
The ice beast hits you but does no damage.
You shoot an arrow. The arrow hits the rime drake.
The rime drake is almost dead.
The rime drake misses you.
The ice beast hits you but does no damage.
You shoot an arrow. The arrow barely misses the rime drake.
Something hits you but does no damage.
The rime drake bites you but does no damage.
The ice beast barely misses you. You furiously retaliate!
You headbutt the ice beast. You shoot an arrow.
The arrow closely misses the rime drake.
The rime drake barely misses you. You furiously retaliate!
You headbutt the rime drake!
You kill the rime drake!
Okawaru accepts your kill. Something hits you!!
You die...

~~~..##.###.#
~~77.##..(..#
~~~P....#####
~7~...#.....#
~~....######## #####
~7.7### ##.# ...... ..7#
##..# #......
...#######...####%......
.P...........>.Y@{......
##########...####%......
##### #..## #......
....# #.## #..... ###.#
#.# #...# .##.# #.# #.~#
.##.# ... ... ....# #.#
.. .####


You could see an ice beast.

Vanquished Creatures
  A two-headed ogre (D:9)
  A skeletal warrior (D:8)
  A rime drake (D:9)
  Prince Ribbit (D:6)
  Grinder (D:4)
  Sigmund (D:6)
  3 wraiths (D:8)
  Eustachio (D:6)
  14 yaks
  Menkaure (D:6)
  Edmund (D:6)
  Duvessa (D:6)
  A sky beast (D:6)
  Pargi (Sewer)
  4 ice beasts
  2 orc warriors
  2 wolves (D:9)
  A centaur (D:6)
  An ogre (D:6)
  A kobold brigand (D:6)
  4 bullfrogs
  5 scorpions
  12 wights (D:6)
  Dowan (D:6)
  8 killer bees (D:9)
  3 hounds
  2 orc priests
  An iguana (D:5)
  A sleepcap (D:6)
  4 orc wizards
  8 mummies (Ossuary)
  3 gnolls (D:7)
  9 adders
  A shadow imp (D:6)
  2 white imps
  3 ufetubi (D:5)
  2 worms
  2 dart slugs
  26 orcs
  7 ball pythons
  7 endoplasms
  7 giant cockroaches
  A gnoll zombie (Ossuary)
  6 goblins
  6 hobgoblins
  5 jackals (D:4)
  7 quokkas
  3 bats
  7 frilled lizards
  2 hobgoblin zombies (Ossuary)
  10 kobolds
  2 kobold zombies (Ossuary)
  3 orc zombies (Ossuary)
  9 rats
219 creatures vanquished.

Notes
Turn   | Place    | Note
-------+----------+-------------------------------------------
     0 | D:1      | qw the Minotaur Hexslinger began the quest for the Orb.
     0 | D:1      | Reached XP level 1. HP: 16/16 MP: 1/1
     0 | D:1      | 0 ||| qw: Version: 0.3-a-40-ge99b1a8
     0 | D:1      | 0 ||| qw: Game counter: 200
     0 | D:1      | 0 ||| qw: Melee chars always use a shield: true
     0 | D:1      | 0 ||| qw: God list: Okawaru
     0 | D:1      | 0 ||| qw: Allow faded altars: false
     0 | D:1      | 0 ||| qw: Do Orc after clearing Dungeon:15 true
     0 | D:1      | 0 ||| qw: Do second Lair branch before Depths: true
     0 | D:1      | 0 ||| qw: Lair rune preference: random
     0 | D:1      | 0 ||| qw: Goals: Normal
     0 | D:1      | 0 ||| PLANNING D:1-11
    27 | D:1      | 27 ||| FLEEEEING.
    79 | D:1      | Reached skill level 3 in Ranged Weapons
    79 | D:1      | Reached XP level 2. HP: 23/23 MP: 2/2
   117 | D:1      | 117 ||| FLEEEEING.
   118 | D:1      | 118 ||| FLEEEEING.
   119 | D:1      | 119 ||| FLEEEEING.
   120 | D:1      | 120 ||| FLEEEEING.
   121 | D:1      | 121 ||| FLEEEEING.
   122 | D:1      | 122 ||| FLEEEEING.
   165 | D:1      | Found Wixeco's Book Shoppe.
   467 | D:1      | Reached XP level 3. HP: 29/29 MP: 3/3
   490 | D:1      | 490 ||| UPGRADING to +1 cloak.
   495 | D:1      | 495 ||| UPGRADING to +0 pair of gloves.
   500 | D:1      | 500 ||| READING scroll labelled ELEINO BUHET.
   501 | D:1      | 501 ||| READING scroll labelled ALIETINIFU.
   504 | D:1      | 504 ||| DRINKING 2 pink potions.
   505 | D:1      | 505 ||| DROPPING scroll of poison.
   506 | D:1      | 506 ||| DROPPING potion of magic.
   683 | D:2      | Reached skill level 4 in Ranged Weapons
   703 | D:2      | Found Awyreus's Book Emporium.
  1098 | D:2      | 1098 ||| READING scroll labelled XYCHUJA POHA.
  1099 | D:2      | 1099 ||| READING scroll labelled PUJONT ELEPP.
  1100 | D:2      | 1100 ||| DRINKING 2 white potions.
  1205 | D:2      | 1205 ||| DRINKING 2 blue potions.
  1206 | D:2      | 1206 ||| DROPPING potion of berserk rage.
  1339 | D:3      | Reached XP level 4. HP: 31/36 MP: 4/4
  1580 | D:3      | Reached skill level 5 in Ranged Weapons
  1635 | D:3      | Found a runed translucent door.
  1636 | D:3      | Noticed Crazy Yiuf
  1791 | D:3      | 1791 ||| UPGRADING to +4 ring of protection.
  1792 | D:3      | 1792 ||| UPGRADING to ring of protection from cold.
  1793 | D:3      | 1793 ||| READING scroll labelled YVYNKI NAIBISK.
  1794 | D:3      | 1794 ||| READING scroll labelled JUYLOCEMAFF.
  1859 | D:3      | 1859 ||| READING scroll labelled SAKERHAYCS.
  1925 | D:4      | 1925 ||| PLANNING OSSUARY
  2083 | D:4      | Reached XP level 5. HP: 42/42 MP: 5/5
  2119 | D:4      | Reached skill level 3 in Fighting
  2130 | D:4      | Found a sand-covered staircase.
  2131 | D:4      | 2131 ||| UPGRADING to +0 leather armour.
  2141 | D:4      | 2141 ||| DROPPING +0 robe.
  2142 | D:4      | 2142 ||| READING scroll labelled FONEEKK JOGE.
  2148 | D:4      | Noticed Grinder
  2154 | Ossuary  | Entered an ossuary
  2183 | Ossuary  | Reached skill level 1 in Armour
  2200 | Ossuary  | 2200 ||| FLEEEEING.
  2400 | Ossuary  | Reached skill level 6 in Ranged Weapons
  2558 | Ossuary  | 2558 ||| READING 3 scrolls labelled JELIKU UKAA.
  2559 | Ossuary  | 2559 ||| READING scroll labelled LUILEH PAUCAST.
  2560 | Ossuary  | 2560 ||| READING scroll labelled NEC BAEGGOST.
  2561 | Ossuary  | 2561 ||| READING scroll labelled BIEKEJ IL RIZXARI.
  2562 | Ossuary  | 2562 ||| DRINKING 4 emerald potions.
  2563 | Ossuary  | 2563 ||| DRINKING 2 metallic dark potions.
  2564 | Ossuary  | 2564 ||| DRINKING 2 red potions.
  2565 | Ossuary  | 2565 ||| DRINKING 2 cyan potions.
  2566 | Ossuary  | 2566 ||| READING 3 scrolls of identify.
  2566 | Ossuary  | 2566 ||| IDENTIFYING viscous sapphire potion
  2567 | Ossuary  | 2567 ||| READING 2 scrolls of identify.
  2567 | Ossuary  | 2567 ||| IDENTIFYING clear potion
  2568 | Ossuary  | 2568 ||| DROPPING potion of attraction.
  2569 | Ossuary  | 2569 ||| DROPPING potion of degeneration.
  2570 | Ossuary  | 2570 ||| DROPPING 2 scrolls of amnesia.
  2571 | Ossuary  | 2571 ||| DROPPING potion of invisibility.
  2572 | Ossuary  | 2572 ||| DROPPING potion of brilliance.
  2592 | D:4      | 2592 ||| PLANNING D:1-11
  2606 | D:4      | Killed Grinder
  2607 | D:4      | Reached XP level 6. HP: 50/56 MP: 6/6
  2981 | D:5      | Entered Level 5 of the Dungeon
  2982 | D:5      | 2982 ||| PLANNING SEWER
  3041 | D:5      | 3041 ||| READING scroll of enchant weapon.
  3041 | D:5      | 3041 ||| ENCHANTING +2 sling of flaming.
  3099 | D:5      | Found a staircase to the Ecumenical Temple.
  3151 | D:5      | 3151 ||| READING scroll of enchant weapon.
  3151 | D:5      | 3151 ||| ENCHANTING +3 sling of flaming.
  3167 | D:5      | 3167 ||| Stepping ~*~*~tactically~*~*~ (water).
  3177 | D:5      | 3177 ||| Stepping ~*~*~tactically~*~*~ (water).
  3183 | D:5      | Found a glowing drain.
  3188 | D:5      | 3188 ||| Stepping ~*~*~tactically~*~*~ (water).
  3194 | Sewer    | Entered a sewer
  3226 | Sewer    | 3226 ||| Stepping ~*~*~tactically~*~*~ (water).
  3231 | Sewer    | Noticed Pargi
  3239 | Sewer    | Killed Pargi
  3240 | Sewer    | Reached XP level 7. HP: 55/61 MP: 7/7
  3277 | Sewer    | 3277 ||| READING scroll of brand weapon.
  3277 | Sewer    | 3277 ||| BRANDING +4 sling of flaming.
  3290 | Sewer    | 3290 ||| Stepping ~*~*~tactically~*~*~ (water).
  3307 | Sewer    | 3307 ||| Stepping ~*~*~tactically~*~*~ (water).
  3311 | Sewer    | 3311 ||| Stepping ~*~*~tactically~*~*~ (water).
  3335 | Sewer    | 3335 ||| READING scroll labelled PUYDIXT UTHRAFI.
  3343 | D:5      | 3343 ||| PLANNING TEMPLE
  3405 | Temple   | Entered the Ecumenical Temple
  3451 | Temple   | 3451 ||| PLANNING OKAWARU WORSHIP
  3581 | Temple   | Became a worshipper of Warmaster Okawaru
  3582 | Temple   | 3582 ||| PLANNING D:1-11
  3672 | D:5      | 3672 ||| FLEEEEING.
  3673 | D:5      | 3673 ||| FLEEEEING.
  3674 | D:5      | 3674 ||| FLEEEEING.
  3676 | D:5      | 3676 ||| FLEEEEING.
  3677 | D:5      | 3677 ||| FLEEEEING.
  3678 | D:5      | 3678 ||| FLEEEEING.
  3679 | D:5      | 3679 ||| FLEEEEING.
  3680 | D:5      | 3680 ||| FLEEEEING.
  3681 | D:5      | 3681 ||| FLEEEEING.
  3682 | D:5      | 3682 ||| FLEEEEING.
  3683 | D:5      | 3683 ||| FLEEEEING.
  3684 | D:5      | 3684 ||| STAIRDANCE
  3739 | D:5      | 3739 ||| STAIRDANCE
  3815 | D:5      | Reached skill level 7 in Ranged Weapons
  3991 | D:5      | Reached skill level 8 in Ranged Weapons
  3999 | D:5      | 3999 ||| Stepping ~*~*~tactically~*~*~ (outnumbered).
  4002 | D:5      | Reached skill level 3 in Dodging
  4004 | D:5      | 4004 ||| Stepping ~*~*~tactically~*~*~ (outnumbered).
  4013 | D:5      | Reached * piety under Okawaru
  4014 | D:5      | 4014 ||| INVOKING Heroism.
  4017 | D:5      | Reached XP level 8. HP: 34/69 MP: 5/8
  4202 | D:5      | Found Huekho's Jewellery Emporium.
  4209 | D:5      | 4209 ||| BUYING +4 ring of protection (396 gold).
  4209 | D:5      | Bought a +4 ring of protection for 396 gold pieces
  4209 | D:5      | 4209 ||| SHOPLISTING +5 ring of evasion (396 gold, have
                  | 21).
  4209 | D:5      | 4209 ||| SHOPLISTING +6 ring of dexterity (396 gold, have
                  | 21).
  4209 | D:5      | 4209 ||| SHOPLISTING amulet of reflection (330 gold, have
                  | 21).
  4415 | D:5      | Found a sacrificial altar of Ru.
  4537 | D:5      | 4537 ||| UPGRADING to +0 ring mail.
  4547 | D:5      | 4547 ||| DROPPING +0 leather armour.
  4548 | D:5      | 4548 ||| UPGRADING to +4 ring of protection.
  4550 | D:5      | 4550 ||| DROPPING ring of protection from cold.
  4551 | D:5      | 4551 ||| READING 2 scrolls of identify.
  4551 | D:5      | 4551 ||| IDENTIFYING coppery potion
  4615 | D:6      | Noticed Sigmund
  4617 | D:6      | Noticed Edmund
  4618 | D:6      | 4618 ||| FLEEEEING.
  4619 | D:6      | 4619 ||| FLEEEEING.
  4620 | D:6      | 4620 ||| FLEEEEING.
  4622 | D:6      | 4622 ||| FLEEEEING.
  4623 | D:6      | 4623 ||| FLEEEEING.
  4637 | D:6      | Killed Edmund
  4638 | D:6      | Reached skill level 3 in Armour
  4638 | D:6      | 4638 ||| INVOKING Heroism.
  4646 | D:6      | Killed Sigmund
  4647 | D:6      | Reached skill level 9 in Ranged Weapons
  4692 | D:6      | 4692 ||| INVOKING Heroism.
  4696 | D:6      | HP: 15/70 [poisoned by a kobold brigand (curare-tipped
                  | dart)]
  4697 | D:6      | 4697 ||| READING 4 scrolls of teleportation.
  4700 | D:6      | 4700 ||| INVOKING Heroism.
  4701 | D:6      | HP: 6/70 [poisoned by a kobold brigand (curare-tipped
                  | dart)]
  4903 | D:6      | Reached skill level 6 in Fighting
  4905 | D:6      | 4905 ||| INVOKING Heroism.
  4939 | D:6      | Noticed Menkaure
  4940 | D:6      | 4940 ||| INVOKING Heroism.
  4942 | D:6      | Killed Menkaure
  4943 | D:6      | Reached skill level 10 in Ranged Weapons
  5022 | D:6      | Reached skill level 1 in Invocations
  5078 | D:6      | Found a shimmering altar of Xom.
  5092 | D:6      | Reached XP level 9. HP: 72/79 MP: 8/10
  5127 | D:6      | Noticed Prince Ribbit
  5128 | D:6      | 5128 ||| INVOKING Heroism.
  5140 | D:6      | Killed Prince Ribbit
  5141 | D:6      | Reached skill level 3 in Invocations
  5340 | D:6      | Reached ** piety under Okawaru
  5419 | D:6      | 5419 ||| INVOKING Heroism.
  5437 | D:6      | Reached skill level 11 in Ranged Weapons
  5446 | D:6      | 5446 ||| FLEEEEING.
  5449 | D:6      | 5449 ||| FLEEEEING.
  5503 | D:6      | 5503 ||| FLEEEEING.
  5504 | D:6      | 5504 ||| FLEEEEING.
  5505 | D:6      | 5505 ||| FLEEEEING.
  5506 | D:6      | 5506 ||| FLEEEEING.
  5639 | D:6      | 5639 ||| SWAPPING to +0 orcbow.
  5640 | D:6      | 5640 ||| DROPPING +4 sling of electrocution.
  5849 | D:6      | Found a broken altar of Ashenzari.
  5955 | D:6      | Noticed Dowan
  5956 | D:6      | 5956 ||| INVOKING Heroism.
  5962 | D:6      | Killed Dowan
  5965 | D:6      | Noticed Duvessa
  5967 | D:6      | Noticed Eustachio
  5980 | D:6      | Killed Duvessa
  5990 | D:6      | 5990 ||| INVOKING Heroism.
  6001 | D:6      | 6001 ||| FLEEEEING.
  6002 | D:6      | 6002 ||| FLEEEEING.
  6003 | D:6      | 6003 ||| FLEEEEING.
  6004 | D:6      | 6004 ||| FLEEEEING.
  6010 | D:6      | 6010 ||| FLEEEEING.
  6011 | D:6      | 6011 ||| FLEEEEING.
  6012 | D:6      | 6012 ||| FLEEEEING.
  6022 | D:6      | Killed Eustachio
  6291 | D:7      | 6291 ||| INVOKING Heroism.
  6302 | D:7      | Reached skill level 12 in Ranged Weapons
  6355 | D:7      | 6355 ||| INVOKING Heroism.
  6376 | D:7      | HP: 19/81 [yak (2)]
  6377 | D:7      | 6377 ||| READING 4 scrolls of teleportation.
  6380 | D:7      | Reached XP level 10. HP: 22/88 MP: 12/12
  6860 | D:7      | Found a flagged portal.
  6976 | D:7      | 6976 ||| INVOKING Heroism.
  7380 | D:8      | 7380 ||| INVOKING Heroism.
  7389 | D:8      | Reached skill level 13 in Ranged Weapons
  7425 | D:8      | 7425 ||| FLEEEEING.
  7426 | D:8      | 7426 ||| FLEEEEING.
  7427 | D:8      | 7427 ||| FLEEEEING.
  7428 | D:8      | 7428 ||| FLEEEEING.
  7527 | D:8      | Reached *** piety under Okawaru
  7535 | D:8      | 7535 ||| INVOKING Heroism.
  7538 | D:8      | Reached skill level 9 in Fighting
  7654 | D:8      | Found a burning altar of Makhleb.
  7700 | D:8      | Found Taul's Book Emporium.
  7738 | D:8      | Found a glowing golden altar of the Shining One.
  7839 | D:8      | Found an opulent altar of Gozag.
  8036 | D:8      | Noticed a skeletal warrior
  8037 | D:8      | 8037 ||| INVOKING Heroism.
  8051 | D:8      | HP: 15/91 [skeletal warrior/+0 short sword (19)]
  8052 | D:8      | 8052 ||| READING 6 scrolls of teleportation.
  8135 | D:8      | 8135 ||| FLEEEEING.
  8163 | D:8      | 8163 ||| FLEEEEING.
  8164 | D:8      | 8164 ||| FLEEEEING.
  8165 | D:8      | 8165 ||| FLEEEEING.
  8167 | D:8      | 8167 ||| FLEEEEING.
  8168 | D:8      | 8168 ||| FLEEEEING.
  8169 | D:8      | 8169 ||| FLEEEEING.
  8170 | D:8      | 8170 ||| INVOKING Heroism.
  8187 | D:8      | HP: 9/91 [skeletal warrior/+0 short sword (16)]
  8188 | D:8      | 8188 ||| READING 5 scrolls of teleportation.
  8379 | D:8      | 8379 ||| FLEEEEING.
  8380 | D:8      | 8380 ||| FLEEEEING.
  8381 | D:8      | 8381 ||| FLEEEEING.
  8382 | D:8      | 8382 ||| FLEEEEING.
  8383 | D:8      | 8383 ||| FLEEEEING.
  8384 | D:8      | 8384 ||| FLEEEEING.
  8385 | D:8      | 8385 ||| FLEEEEING.
  8386 | D:8      | 8386 ||| FLEEEEING.
  8389 | D:8      | 8389 ||| FLEEEEING.
  8390 | D:8      | 8390 ||| FLEEEEING.
  8391 | D:8      | 8391 ||| FLEEEEING.
  8392 | D:8      | 8392 ||| FLEEEEING.
  8395 | D:8      | 8395 ||| INVOKING Heroism.
  8413 | D:8      | 8413 ||| INVOKING Heroism.
  8424 | D:8      | HP: 22/91 [skeletal warrior/+0 short sword (3)]
  8425 | D:8      | 8425 ||| READING 4 scrolls of teleportation.
  8427 | D:8      | Killed a skeletal warrior
  8687 | D:8      | Found the +5 scythe "Finisher" {speed, execute}
  8714 | D:8      | Found a large runed translucent door.
  8717 | D:8      | Found a large runed translucent door.
  8728 | D:8      | Noticed qw's ghost (novice DEHu)
  8731 | D:8      | 8731 ||| DROPPING +6 ring of intelligence.
  8732 | D:8      | 8732 ||| READING 3 scrolls of identify.
  8732 | D:8      | 8732 ||| IDENTIFYING smoky silvery potion
  8733 | D:8      | 8733 ||| DROPPING potion of lignification.
  8821 | D:9      | Reached skill level 14 in Ranged Weapons
  8825 | D:9      | Noticed a two-headed ogre
  8826 | D:9      | 8826 ||| INVOKING Heroism.
  8849 | D:9      | Killed a two-headed ogre
  8969 | D:9      | Found a snail-covered altar of Cheibriados.
  8987 | D:9      | Found a stormy altar of Qazlal.
  9066 | D:9      | Noticed Erolcha
  9067 | D:9      | 9067 ||| INVOKING Heroism.
  9084 | D:9      | Reached XP level 11. HP: 39/99 MP: 11/13
  9099 | D:9      | HP: 18/99 [rime drake/icy flash freeze (23)]
  9100 | D:9      | 9100 ||| READING 3 scrolls of teleportation.
  9103 | D:9      | Mangled by Erolcha

Levels and vault maps discovered:
D:1:      amcnicky_arrival_flooded_fountain, layout_rooms, serial_shops,
          nicolae_shop_tiny_glass
D:2:      layout_basic, serial_shops, shop, st_stairs_13, minivault_26
D:3:      layout_rooms, serial_curves, eino_curves_02, eino_curves_01,
          kennysheep_generic_room_9, uniq_crazy_yiuf_cottage
D:4:      layout_basic, nicolae_ossuary_entry_ruins, uniq_grinder
D:5:      minmay_recursive_quarters, layout_loops_cross,
          nicolae_ru_sacrificial_ziggurat, minmay_temple_entry_fiery,
          gup_sewer_entry_pipe, minmay_shop_enchanted_jewellery
D:6:      layout_gridville, mainiacjoe_overflow_small_starburst,
          mainiacjoe_overflow_surrounded_room, st_stairs_4, uniq_menkaure,
          uniq_sigmund, uniq_edmund, uniq_eustachio, uniq_prince_ribbit1,
          uniq_duvessa
D:7:      layout_loops_ring, enter_bailey_2
D:8:      layout_cave_pools, lemuel_coloured_pillars_altar,
          lightli_temple_of_fire, tso_altar, ebering_ghost_disaster_area,
          serial_shops, nicolae_shop_tiny_statue_garden, chequers_avenue,
          minmay_guarded_unrand_finisher
D:9:      dragon1_lemuel, layout_loops_corners, nicolae_wu_jian_glorious_leap,
          mainiacjoe_overflow_large_starburst, hellmonk_lair_entry_icy,
          serial_bayou_pond_a, uniq_erolcha
Temple:   bh_familiar_temple

Skill      XL: |  1  2  3  4  5  6  7  8  9 10 |
---------------+-------------------------------+-----
Ranged Weapons | 3 4 5 6 8 10 12 14 | 14.0
Fighting       | 2 5 7 8 10 | 10.1
Armour         | 1 3 4 |  4.3
Dodging        | 3 4 5 |  5.8
Invocations    | 2 4 |  4.0
Spellcasting   | |  1.0
Hexes          | |  2.0

Action                     |  1- 3 |  4- 6 |  7- 9 | 10-12 || total
---------------------------+-------+-------+-------+-------++-------
   Fire: Sling             |   152 |   201 |   212 |       ||   565
         Orcbow            |       |       |   130 |   306 ||   436
 Invoke: Heroism           |       |       |    12 |     9 ||    21
    Use: Scroll            |     4 |    12 |     5 |     5 ||    26
         Potion            |     3 |     4 |       |       ||     7
 Armour: Robe              |    15 |    14 |       |       ||    29
         Leather armour    |       |    23 |    21 |       ||    44
         Ring mail         |       |       |    88 |   100 ||   188
  Dodge: Dodged            |    33 |    59 |   177 |   150 ||   419

Table legend:
 A = Non-vault XP
 B = Vault XP
 C = Vault XP percentage of total XP
 D = Non-vault monster count
 E = Vault monster count
 F = Vault count percentage of total count
                 A         B        C        D         E       F
            +---------+---------+-------+---------+---------+-------
      Total |    6901 |    4903 |  41.5 |     157 |      62 |  28.3
            +---------+---------+-------+---------+---------+-------
        D:1 |      45 |       0 |   0.0 |      27 |       0 |   0.0
        D:2 |      41 |       1 |   2.4 |      18 |       1 |   5.3
        D:3 |      79 |       0 |   0.0 |      10 |       0 |   0.0
        D:4 |      54 |     267 |  83.2 |      22 |       1 |   4.3
        D:5 |     193 |     451 |  70.0 |       8 |      18 |  69.2
        D:6 |    1663 |    1420 |  46.1 |      27 |       9 |  25.0
        D:7 |    2321 |       0 |   0.0 |      21 |       0 |   0.0
        D:8 |    1183 |    1429 |  54.7 |      15 |       4 |  21.1
        D:9 |    1322 |    1019 |  43.5 |       9 |       6 |  40.0
      Sewer |       0 |     162 | 100.0 |       0 |       7 | 100.0
    Ossuary |       0 |     154 | 100.0 |       0 |      16 | 100.0
            +---------+---------+-------+---------+---------+-------
